 Dungeon Crawl Stone Soup version 0.31-a0-182-gc5ef74bbde (webtiles) character file.

Game seed: 6358775080893979728

39 Anon1729 the Shooter (level 3, -3/22 HPs)
             Began as a Kobold Hunter on June 20, 2023.
             Killed by nerve-wracking pain
             ... invoked by Jessica
              (8 damage)
             ... on level 2 of the Dungeon.
             The game lasted 00:01:00 (1217 turns).

Anon1729 the Shooter (Kobold Hunter)                Turns: 1217, Time: 00:01:00

Health: -3/22      AC:  3    Str:  8    XL:     3   Next: 67%
Magic:  3/3        EV: 15    Int: 10    God:
Gold:   58         SH:  0    Dex: 20    Spells: 2/2 levels left

rFire   . . .        a - +0 shortbow
rCold   . . .        (shield currently unavailable)
rNeg    . . .        c - +0 leather armour
rPois   .            (no helmet)
rElec   .            (no cloak)
rCorr   .            (no gloves)
SInv    +            (no boots)
Will    .....        (no amulet)
Stlth   +++          j - ring of see invisible
HPRegen 0.23/turn    (no ring)
MPRegen 0.08/turn

%: no passive effects
@: no status effects
A: small, no large weapons, nightstalker 3
a: no special abilities


You were on level 2 of the Dungeon.
You visited 1 branch of the dungeon, and saw 2 of its levels.

You collected 58 gold pieces.

Inventory:

Hand Weapons
 a - a +0 shortbow (weapon)
Armour
 c - a +0 leather armour (worn)
Jewellery
 j - a ring of see invisible (left hand)
 l - a ring of ice
Scrolls
 b - a scroll of butterflies
 d - a scroll of enchant weapon {unknown}
 e - a scroll of poison {unknown}
 f - a scroll of fog {unknown}
 g - a scroll of blinking {unknown}
 i - a scroll of amnesia {unknown}
Potions
 h - a potion of attraction {unknown}
 k - a potion of degeneration {unknown}


   Skills:
 + Level 2.7 Fighting
 + Level 5.7 Ranged Weapons
 + Level 3.1 Dodging
 + Level 2.6 Stealth


You had 2 spell levels left.
You didn't know any spells.
Your spell library contained the following spells:

 Spells                   Type           Power      Damage    Failure   Level
 Apportation              Tloc           0%         N/A       50%         1
 Necrotise                Necr           0%         1d4       50%         1
 Sting                    Tmut/Pois      0%         1d3       50%         1
 Summon Small Mammal      Summ           0%         N/A       50%         1
 Poisonous Vapours        Pois/Air       0%         N/A       63%         2
 Olgreb's Toxic Radiance  Pois           0%         N/A       99%         4


Dungeon Overview and Level Annotations

Branches:
Dungeon (2/15)

Altars:

Annotations:
D:2 Jessica


Innate Abilities, Weirdness & Mutations

You are small and have problems with some larger weapons.
You are completely attuned to the shadows.


Message History

There is a stone staircase leading down here.
You climb downwards.
Found a scratched jade ring, a sling and 2 poisoned darts.
There is a stone staircase leading up here.
l - a ring of ice
j - a ring of see invisible (left hand) Jessica the Apprentice Sorceress comes into view.
She is wielding a +0 dagger.
Jessica is nearby!
You shoot an arrow.
The arrow hits Jessica but does no damage.
Jessica shouts!
You shoot an arrow. The arrow hits Jessica!
Jessica is severely wounded.
Jessica gestures wildly while chanting.
Jessica seems to speed up.
You shoot an arrow. The arrow completely misses Jessica.
Jessica casts a spell at you. Pain shoots through your body!
Ouch! That really hurt!
You are too injured to fight recklessly!
You are too injured to fight recklessly!
You are too injured to fight recklessly!
You are too injured to fight recklessly!
You are too injured to fight recklessly!
Fire: a) +0 shortbow
Press: ? - help, Q - select action Shift-Dir - straight line, f/p - Jessica
Aim: Jessica, wielding a +0 dagger and wearing a +0 robe (severely wounded, fast, 65% to hit)
You shoot an arrow. The arrow barely misses Jessica.
Jessica hits you with a +0 dagger.
* * * LOW HITPOINT WARNING * * *
Fire: a) +0 shortbow
Press: ? - help, Q - select action Shift-Dir - straight line, f/p - Jessica
Aim: Jessica, wielding a +0 dagger and wearing a +0 robe (severely wounded, fast, 65% to hit)
You shoot an arrow. The arrow closely misses Jessica.
Jessica gestures wildly while chanting.
Jessica blinks!
A hobgoblin comes into view.
Jessica points at you and mumbles some strange words.
Pain shoots through your body!
You die...

####
###..#
#....#
#.<..####.
#.....)...
#...@####.
#...ยง#
#..(..
#..@..#
#....g.


You could see Jessica (fast) and a hobgoblin.

Vanquished Creatures
  2 dart slugs (D:1)
  4 endoplasms (D:1)
  A giant cockroach (D:1)
  A goblin (D:1)
  5 hobgoblins (D:1)
  2 jackals (D:1)
  3 ball pythons (D:1)
  3 bats (D:1)
  3 frilled lizards (D:1)
  4 kobolds (D:1)
  6 rats (D:1)
34 creatures vanquished.

Notes
Turn   | Place    | Note
-------+----------+-------------------------------------------
     0 | D:1      | Anon1729 the Kobold Hunter began the quest for the Orb.
     0 | D:1      | Reached XP level 1. HP: 12/12 MP: 1/1
   119 | D:1      | Reached XP level 2. HP: 12/18 MP: 2/2
   336 | D:1      | Reached XP level 3. HP: 22/22 MP: 3/3
  1212 | D:2      | Noticed Jessica
  1217 | D:2      | Killed from afar by Jessica

Illustrated notes

Levels and vault maps discovered:
D:1:      spicycebolla_green_bress_n_ham_2, layout_basic, minmay_vboxes
D:2:      layout_basic, uniq_natasha, uniq_jessica, uniq_terence

Skill      XL: |  1  2  3 |
---------------+----------+-----
Stealth        | 2 |  2.6
Dodging        | 3 |  3.1
Fighting       | |  2.7
Ranged Weapons | |  5.7

Action                     || total
---------------------------++-------
   Fire: Shortbow          ||    86
 Armour: Leather armour    ||    11
  Dodge: Dodged            ||    28

Table legend: (Time is in decaauts)
 A = Elapsed time spent in this place.
 B = Non-inter-level travel time spent in this place.
 C = Inter-level travel time spent in this place.
 D = Time resting spent in this place.
 E = Time spent auto-exploring this place.
 F = Levels seen in this place.
 G = Mean time per level.
                   A        B        C        D        E       F      G
               +--------+--------+--------+--------+--------+-----+--------+
         Total |   1235 |   1109 |    126 |    131 |    823 |   2 |  617.5 |
       Dungeon |   1235 |   1109 |    126 |    131 |    823 |   2 |  617.5 |
               +--------+--------+--------+--------+--------+-----+--------+

Top non-repeatable levels by time:
     D:1: 1222 daAuts
     D:2: 13 daAuts
